 Dungeon Crawl Stone Soup version 0.27-a0-1597-ge58577e147 (webtiles) character file.

Game seed: 2968418557823817909

158 Mitsuki the Conjurer (level 5, -5/28 HPs)
             Began as a Deep Elf Conjurer on July 21, 2021.
             Slain by Sigmund (9 damage)
             ... on level 2 of the Dungeon.
             The game lasted 00:02:54 (1832 turns).

Mitsuki the Conjurer (Deep Elf Conjurer)            Turns: 1832, Time: 00:02:54

Health: -5/28      AC:  2    Str:  4    XL:     5   Next: 16%
Magic:  7/14       EV: 12    Int: 24    God:
Gold:   54         SH:  0    Dex: 13    Spells: 10/13 levels left

rFire    + . .     SeeInvis .   l - staff of fire
rCold    . . .     Faith    .   (no shield)
rNeg     . . .     Spirit   .   a - +0 robe
rPois    .         Reflect  .   (no helmet)
rElec    .         Harm     .   (no cloak)
rCorr    .         Rampage  .   (no gloves)
Will     .....                  (no boots)
Stlth    ++........             (no amulet)
HPRegen  0.09/turn              (no ring)
MPRegen  0.14/turn              (no ring)

@: no status effects
A: no striking features
a: no special abilities


You were on level 2 of the Dungeon.
You visited 1 branch of the dungeon, and saw 2 of its levels.

You collected 54 gold pieces.

Inventory:

Armour
 a - a +0 robe (worn)
Magical Staves
 l - a staff of fire (weapon)
Jewellery
 k - a ring of flight
Wands
 j - a wand of flame (22)
Scrolls
 b - a scroll of amnesia {unknown}
 d - a scroll of noise {unknown}
 f - a scroll of vulnerability {unknown}
 h - a scroll of enchant weapon {unknown}
 i - a scroll of identify {unknown}
Potions
 c - a potion of invisibility {unknown}
 e - 2 potions of berserk rage {unknown}
 g - a potion of lignification {unknown}


   Skills:
 - Level 2.4 Dodging
 - Level 2.4 Stealth
 + Level 4.8 Spellcasting
 * Level 6.3 Conjurations


You had 10 spell levels left.
You knew the following spells:

 Your Spells              Type           Power      Damage    Failure   Level
a - Magic Dart            Conj           100%       1d8       1%          1
b - Searing Ray           Conj           72%        3d6       1%          2

Your spell library contained the following spells:

 Spells                   Type           Power      Damage    Failure   Level
 Dazzling Flash           Conj/Hex       42%        N/A       8%          3
 Fulminant Prism          Conj/Hex       10%        3d9       24%         4
 Iskenderun's Mystic Bla  Conj/Tloc      21%        2d6       24%         4


Dungeon Overview and Level Annotations

Branches:
Dungeon (2/15)

Altars:

Annotations:
D:2 1 runed translucent door, Crazy Yiuf, Sigmund


Message History

Deactivating autopickup; reactivate with Ctrl-A.
MP restored: 14
There is a stone staircase leading down here.
Casting: Magic Dart (safe; 1% risk of failure)
Confirm with . or Enter, or press ? or * to list all spells.
You can't see any susceptible monsters within range! (Use Z to cast anyway.)
Things that are here:
a +0 flail; a +0 scale mail
Casting: Magic Dart (safe; 1% risk of failure)
Confirm with . or Enter, or press ? or * to list all spells.
You don't know that spell.
Casting: Magic Dart (safe; 1% risk of failure)
Confirm with . or Enter, or press ? or * to list all spells.
Okay, then.
Casting: Magic Dart (safe; 1% risk of failure)
Confirm with . or Enter, or press ? or * to list all spells.
Aiming: Searing Ray (safe; 1% risk of failure)
Press: ? - help, Shift-Dir - straight line (Press . to maintain the ray.)
You now have 12/14 mp.
Something hits you!
You take 8 damage, and have 20/28 hp.
MASSIVE DAMAGE!!
You now have 11/14 mp.
The searing ray hits something!
Something hits you!
* * * LOW HITPOINT WARNING * * *
You take 13 damage, and have 7/28 hp.
MASSIVE DAMAGE!!
You now have 10/14 mp.
The searing ray hits something!
You finish channeling your searing ray.
Something hits you.
* * * LOW HITPOINT WARNING * * *
You take 3 damage, and have 4/28 hp.
You now have 9/14 mp.
Casting: Searing Ray (safe; 1% risk of failure)
Confirm with . or Enter, or press ? or * to list all spells.
You can't see any susceptible monsters within range! (Use Z to cast anyway.)
Casting: Searing Ray (safe; 1% risk of failure)
Confirm with . or Enter, or press ? or * to list all spells.
Aiming: Searing Ray (safe; 1% risk of failure)
Press: ? - help, Shift-Dir - straight line The searing ray hits something! (Press . to maintain the ray.)
Something hits you!
You die...

#......# ### ♣♣ ......#
#)).#♣♣ ♣♣. ..... #...+)♣♣♣♣..
#...# ... #)).#♣).♣... #...#
#.# ### ♣♣♣)♣.. #...# #.#
♣♣♣♣♣ .# ....# #{# # .# #...#
#.# ##### ## ##.# ###...# #@#
#.#.# ##. ...# #.....# #.#
###.#.# #.. ..#####.#†..#
#.####...#.# #.# ..#........##
#..##..###.#####.#
..#.####.#.## ##.##.##
#>##..... ....# ##)#..#
#..#.####.##..##.
..#####..##.#
##...##.......##÷
..####..###.#
###..###.#....###.
.........##.####....#.....####
#.


There were no monsters in sight!

Vanquished Creatures
  Natasha (thrice) (D:2)
  Terence (D:2)
  2 adders (D:2)
  A worm (D:1)
  4 endoplasms
  2 giant cockroaches
  4 goblins
  2 hobgoblins
  3 jackals (D:2)
  6 kobolds
  2 quokkas (D:2)
  2 ball pythons (D:2)
  2 bats
  A frilled lizard (D:1)
  4 rats
39 creatures vanquished.

Notes
Turn   | Place    | Note
-------+----------+-------------------------------------------
     0 | D:1      | Mitsuki the Deep Elf Conjurer began the quest for the Orb.
     0 | D:1      | Reached XP level 1. HP: 10/10 MP: 6/6
   370 | D:1      | Reached XP level 2. HP: 15/15 MP: 6/8
   373 | D:1      | Learned a level 2 spell: Searing Ray
   910 | D:1      | Reached skill level 5 in Conjurations
  1137 | D:2      | Reached XP level 3. HP: 19/19 MP: 6/10
  1314 | D:2      | Noticed Natasha
  1321 | D:2      | Killed Natasha
  1322 | D:2      | Reached XP level 4. HP: 24/24 MP: 4/12
  1361 | D:2      | Noticed Natasha
  1367 | D:2      | Killed Natasha
  1478 | D:2      | Reached skill level 6 in Conjurations
  1493 | D:2      | Noticed Natasha
  1497 | D:2      | Killed Natasha
  1551 | D:2      | Found a runed translucent door.
  1552 | D:2      | Noticed Crazy Yiuf
  1761 | D:2      | Noticed Terence
  1767 | D:2      | Killed Terence
  1768 | D:2      | Reached XP level 5. HP: 28/28 MP: 7/14
  1824 | D:2      | Noticed Sigmund
  1832 | D:2      | Slain by Sigmund

Illustrated notes

Levels and vault maps discovered:
D:1:      dpeg_arrival_signposts, layout_loops_ring
D:2:      layout_rooms, minivault_24, minmay_between, uniq_crazy_yiuf_cottage,
          uniq_sigmund, uniq_terence, uniq_natasha

Skill      XL: |  1  2  3  4 |
---------------+-------------+-----
Conjurations   | 5 6 |  6.3
Spellcasting   | 4 |  4.8
Dodging        | |  2.4
Stealth        | |  2.4

Action                   |  1- 3 |  4- 6 || total
-------------------------+-------+-------++-------
Melee: Short sword       |     1 |       ||     1
 Cast: Magic Dart        |    45 |    24 ||    69
       Searing Ray       |     2 |     2 ||     4
Dodge: Dodged            |     5 |       ||     5

Table legend: (Time is in decaauts)
 A = Elapsed time spent in this place.
 B = Non-inter-level travel time spent in this place.
 C = Inter-level travel time spent in this place.
 D = Time resting spent in this place.
 E = Time spent auto-exploring this place.
 F = Levels seen in this place.
 G = Mean time per level.
                   A        B        C        D        E       F      G
               +--------+--------+--------+--------+--------+-----+--------+
         Total |   1839 |   1794 |     45 |    158 |   1483 |   2 |  919.5 |
       Dungeon |   1839 |   1794 |     45 |    158 |   1483 |   2 |  919.5 |
               +--------+--------+--------+--------+--------+-----+--------+

Top non-repeatable levels by time:
     D:1: 1060 daAuts
     D:2: 779 daAuts
